 Dungeon Crawl Stone Soup version 0.32-a0-12-g7fc57aa741 (webtiles) character file.

Game seed: 10669639993118037854

78 jasper the Conjurer (level 4, -1/36 HPs)
             Began as a Deep Elf Conjurer on Jan 14, 2024.
             Succumbed to an adder's poison
             ... on level 3 of the Dungeon.
             The game lasted 00:02:31 (1857 turns).

jasper the Conjurer (Deep Elf Conjurer)             Turns: 1857, Time: 00:02:32

Health: -1/36      AC:  3    Str:  4    XL:     4   Next: 15%
Magic:  0/10       EV: 12    Int: 25    God:
Gold:   87         SH:  0    Dex: 13    Spells: 6/9 levels left

rFire   . . .        h - +0 whip
rCold   . . .        (no shield)
rNeg    . . .        a - +0 robe
rPois   .            (no helmet)
rElec   .            (no cloak)
rCorr   .            (no gloves)
SInv    .            j - +0 pair of boots
Will    +....        (no amulet) Stlth
                     (no ring)
HPRegen 0.26/turn    (no ring)
MPRegen 0.12/turn

%: no passive effects
@: berserking, lethally poisoned (-1 -> -8), enlightened, flying, very quick
A: no striking features
a: no special abilities


You were on level 3 of the Dungeon.
You visited 1 branch of the dungeon, and saw 3 of its levels.

You collected 87 gold pieces.

Inventory:

Hand Weapons
 h - a +0 whip (weapon)
Armour
 a - a +0 robe (worn)
 j - a +0 pair of boots (worn)
Scrolls
 c - a scroll of fear
 f - a scroll of butterflies {unknown}
 k - a scroll of teleportation
Potions
 b - a potion of haste
 d - a potion of enlightenment
 g - a potion of degeneration {unknown}


   Skills:
 - Level 2.4 Dodging
 - Level 2.4 Stealth
 - Level 3.0 Spellcasting
 + Level 6.3 Conjurations


You had 6 spell levels left.
You knew the following spells:

 Your Spells              Type           Power      Damage    Failure   Level
a - Magic Dart            Conj           100%       1d8       1%          1
b - Searing Ray           Conj           70%        2d7       1%          2

Your spell library contained the following spells:

 Spells                   Type           Power      Damage    Failure   Level
 Fulminant Prism          Conj/Alch      9%         3d7       28%         4
 Iskenderun's Mystic Bla  Conj/Tloc      19%        2d6       28%         4


Dungeon Overview and Level Annotations

Branches:
Dungeon (3/15)

Altars:


Message History

Aiming: Magic Dart (safe; 1% risk of failure)
Press: ? - help, Q - select action, (/) - cycle Shift-Dir - straight line, f/p - adder
Aim: an adder (heavily wounded, 100% to hit)
The magic dart hits the adder.
The adder is almost dead.
You feel sick. The adder bites you.
You are more poisoned.
The adder poisons you!
A scorpion comes into view.
You take 3 damage, and have 14/24 hp.
You now have 0/10 mp.
You feel very sick. The adder attacks as it pursues you! The adder bites you.
The adder misses you.
You take 5 damage, and have 9/24 hp.
MASSIVE DAMAGE!!
* * * LOW HITPOINT WARNING * * *
You feel sick.
You take 2 damage, and have 7/24 hp.
* * * LOW HITPOINT WARNING * * *
You feel sick. The adder attacks as it pursues you! The adder bites you.
* * * LOW HITPOINT WARNING * * *
You are more poisoned.
The adder poisons you!
You take 3 damage, and have 4/24 hp.
It was a potion of enlightenment.
You feel very buoyant.
You fly up into the air.
* * * LOW HITPOINT WARNING * * *
You feel very sick. The adder bites you but does no damage.
You take 3 damage, and have 1/24 hp.
It was a potion of berserk rage.
A red film seems to cover your vision as you go berserk!
You feel yourself moving faster!
You feel mighty!
* * * LOW HITPOINT WARNING * * *
You feel sick. The adder barely misses you. x2
You now have 1/36 hp.
You are too berserk!
Unknown command.
You closely miss the adder.
The adder is almost dead.
You die...

#######
#.....#####
#.###....<#
#.# #######
###########.#
#..S@.......#
#.#########.#
#†# ### #..
.... ....#
.....# ...<.#
.....s#


You could see an adder.

Vanquished Creatures
  An iguana (D:3)
  4 dart slugs
  2 bats (D:1)
  4 endoplasms (D:1)
  2 giant cockroaches
  2 goblins
  2 hobgoblins (D:1)
  5 jackals
  4 kobolds (D:2)
  A quokka (D:1)
  6 ball pythons
  4 frilled lizards
  6 rats
43 creatures vanquished.

Notes
Turn   | Place    | Note
-------+----------+-------------------------------------------
     0 | D:1      | jasper the Deep Elf Conjurer began the quest for the Orb.
     0 | D:1      | Reached XP level 1. HP: 10/10 MP: 6/6
   172 | D:1      | Reached XP level 2. HP: 12/15 MP: 2/8
   269 | D:1      | Reached skill level 5 in Conjurations
   627 | D:1      | Reached XP level 3. HP: 19/19 MP: 7/9
   630 | D:1      | Learned a level 2 spell: Searing Ray
  1235 | D:2      | Identified the +7 sling "Ceng" {freeze, Str-5 Int+3 Dex+5
                  | SInv}
  1849 | D:3      | Reached skill level 6 in Conjurations
  1849 | D:3      | Reached XP level 4. HP: 24/24 MP: 2/10
  1851 | D:3      | Noticed a scorpion
  1855 | D:3      | HP: 1/24 [poisoned by an adder]
  1857 | D:3      | Succumbed to an adder's poison

Illustrated notes

Levels and vault maps discovered:
D:1:      minmay_arrival_up_and_down, layout_rooms, minivault_11
D:2:      layout_loops_cross
D:3:      layout_basic, hangedman_ru_absence, fountainhead

Skill      XL: |  1  2  3 |
---------------+----------+-----
Conjurations   | 5 6 |  6.3
Dodging        | |  2.4
Stealth        | |  2.4
Spellcasting   | |  3.0

Action                     |  1- 3 |  4- 6 || total
---------------------------+-------+-------++-------
  Melee: Unarmed           |     7 |       ||     7
         Punch             |     1 |       ||     1
         Whip              |       |     1 ||     1
   Cast: Magic Dart        |    76 |     1 ||    77
         Searing Ray       |     3 |     1 ||     4
    Use: Potion            |     1 |     2 ||     3
         Scroll            |     4 |       ||     4
 Armour: Robe              |     6 |     6 ||    12
  Dodge: Dodged            |     8 |     3 ||    11

Table legend: (Time is in decaauts)
 A = Elapsed time spent in this place.
 B = Non-inter-level travel time spent in this place.
 C = Inter-level travel time spent in this place.
 D = Time resting spent in this place.
 E = Time spent auto-exploring this place.
 F = Levels seen in this place.
 G = Mean time per level.
                   A        B        C        D        E       F      G
               +--------+--------+--------+--------+--------+-----+--------+
         Total |   1855 |   1792 |     63 |     41 |   1531 |   3 |  618.3 |
       Dungeon |   1855 |   1792 |     63 |     41 |   1531 |   3 |  618.3 |
               +--------+--------+--------+--------+--------+-----+--------+

Top non-repeatable levels by time:
     D:2: 975 daAuts
     D:1: 832 daAuts
     D:3: 48 daAuts
